 Dungeon Crawl Stone Soup version 0.23.0 (webtiles) character file.

Game seed: 12657482347528945958

1949160 NormalPerson7T the Conqueror (level 27, 273/273 HPs)
             Began as a Minotaur Fighter on Feb 8, 2019.
             Was the Champion of Okawaru.
             Escaped with the Orb
             ... and 3 runes!
             The game lasted 01:29:40 (53740 turns).

NormalPerson7T the Conqueror (Minotaur Fighter)    Turns: 53740, Time: 01:29:41

Health: 273/273    AC: 50    Str: 33    XL:     27
Magic:  38/38      EV: 25    Int: 12    God:    Okawaru [******]
Gold:   3270       SH: 35    Dex: 22    Spells: 26/26 levels left

rFire    + + .     SeeInvis +   O - +9 broad axe (chop)
rCold    + . .     Gourm    .   V - +1 large shield of the Learner {+Fly Regen+ Dex+5}
rNeg     . . .     Faith    .   p - +11 gold dragon scales {rF+ rC+ rPois}
rPois    +         Spirit   .   y - +3 crown of Dyrovepreva {rElec Int+2 SInv}
rElec    +         Reflect  +   J - +2 cloak {MR+}
rCorr    .         Harm     .   C - +1 pair of gloves {Str+3}
MR       ++++.                  o - +1 pair of boots {run}
Stlth    ..........             E - +6 amulet of reflection
HPRegen  0.95/turn              F - ring of protection from fire
MPRegen  0.26/turn              n - ring "Qiyfapra" {+Inv rElec MR+ MP+9 Int+4}

@: quick
A: retaliatory headbutt, claws 1, horns 2, agile 2, screaming 1, inhibited
regeneration
0: Orb of Zot
}: 3/15 runes: serpentine, barnacled, silver
a: Heroism, Finesse, Renounce Religion, Evoke Invisibility, Evoke Flight


You escaped.
You worshipped Okawaru.
Okawaru was exalted by your worship.
You were not hungry.

You visited 8 branches of the dungeon, and saw 46 of its levels.
You also visited: Bailey, Ice Cave and Volcano.

You collected 6267 gold pieces.
You spent 2997 gold pieces at shops.

Inventory:

Hand Weapons
 A - the +7 broad axe of Crystal {freeze, -Tele rN+ Str+5}
   (Okawaru gifted it to you on level 2 of the Realm of Zot)

   It has been specially enchanted to freeze those struck by it, causing extra
   injury to most foes and up to half again as much damage against particularly
   susceptible opponents.
   It can also slow down cold-blooded creatures.
   It affects your strength (+5).
   It protects you from negative energy.
   It prevents most forms of teleportation.
 O - a +9 broad axe of chopping (weapon)
Missiles
 B - 5 throwing nets (quivered) {!f}
Armour
 o - a +1 pair of boots of running (worn)
 p - +11 gold dragon scales (worn) {rF+ rC+ rPois}
 y - the +3 crown of Dyrovepreva (worn) {rElec Int+2 SInv}
   (You acquired it on level 4 of the Shoals)

   It affects your intelligence (+2).
   It insulates you from electricity.
   It lets you see invisible.
 C - a +1 pair of gloves of strength (worn)
 J - a +2 cloak of magic resistance (worn)
 N - the +7 large shield "Wilewa" {MR++ Str+4 Int-5 Dex+3}
   (You found it on level 3 of the Vaults)

   It affects your strength (+4).
   It affects your intelligence (-5).
   It affects your dexterity (+3).
   It affects your resistance to hostile enchantments.
 Q - a +1 large shield of protection
 V - the +1 large shield of the Learner (worn) {+Fly Regen+ Dex+5}
   (Okawaru gifted it to you on level 5 of the Realm of Zot)

   It affects your dexterity (+5).
   It lets you fly.
   It increases your rate of regeneration.
Jewellery
 n - the ring "Qiyfapra" (right hand) {+Inv rElec MR+ MP+9 Int+4}
   (You bought it in a shop on level 3 of the Snake Pit)

   [ring of magical power]

   It affects your intelligence (+4).
   It insulates you from electricity.
   It affects your resistance to hostile enchantments.
   It affects your magic capacity (+9).
   It lets you turn invisible.
 D - an uncursed ring of positive energy
 E - a +6 amulet of reflection (around neck)
 F - a ring of protection from fire (left hand)
 X - an uncursed ring of resist corrosion
Wands
 a - a wand of paralysis (29)
 k - a wand of iceblast (19)
 I - a wand of digging (35)
 L - a wand of clouds (1)
 P - a wand of acid (11)
 T - a wand of scattershot (15)
Scrolls
 b - 3 scrolls of silence {!r}
 g - 9 scrolls of immolation
 i - 9 scrolls of identify
 m - 10 scrolls of fear
 r - 21 scrolls of remove curse
 s - a scroll of summoning {!r}
 t - 25 scrolls of teleportation
 v - 7 scrolls of fog
 x - 7 scrolls of blinking
Potions
 c - 18 potions of curing
 d - 4 potions of might
 f - 4 potions of haste
 h - 2 potions of heal wounds
 j - a potion of resistance
 l - 2 potions of cancellation
 q - 6 potions of degeneration {!q!q}
 u - 4 potions of agility
 w - 8 potions of flight
 z - 4 potions of berserk rage
 G - 5 potions of magic
 H - 6 potions of mutation {!q}
 K - 4 potions of lignification {!q}
 M - 13 potions of brilliance
 R - a potion of invisibility
 W - a potion of ambrosia
Miscellaneous
 S - a lightning rod (4/4)
 U - a phial of floods
 Z - a lamp of fire
Comestibles
 e - 65 rations


   Skills:
 O Level 27 Fighting
 - Level 18.0 Axes
 + Level 25.4 Armour
 + Level 23.6 Dodging
 - Level 25.0 Shields
 - Level 10.0 Invocations
 - Level 10.0 Evocations


You had 26 spell levels left.
You didn't know any spells.
Your spell library contained the following spells:

 Spells                   Type           Power        Failure   Level  Hunger
 Animate Skeleton         Necr           N/A          86%         1    ##.....
 Apportation              Tloc           #.....       86%         1    ##.....
 Beastly Appendage        Tmut           #.....       86%         1    ##.....
 Corona                   Hex            #......      86%         1    ##.....
 Freeze                   Ice            #...         86%         1    ##.....
 Magic Dart               Conj           #...         86%         1    ##.....
 Pain                     Necr           #...         86%         1    ##.....
 Sandblast                Erth           #.....       86%         1    ##.....
 Shock                    Conj/Air       #...         86%         1    ##.....
 Summon Butterflies       Summ           #.......     86%         1    ##.....
 Blink                    Tloc           N/A          95%         2    ###....
 Call Imp                 Summ           #.......     95%         2    ###....
 Corpse Rot               Necr           N/A          95%         2    ###....
 Ensorcelled Hibernation  Hex/Ice        #.....       95%         2    ###....
 Passwall                 Tmut/Erth      #.......     95%         2    ###....
 Poisonous Vapours        Pois/Air       #.....       95%         2    ###....
 Searing Ray              Conj           #.....       95%         2    ###....
 Shroud of Golubria       Chrm/Tloc      #.........   95%         2    ###....
 Slow                     Hex            #.......     95%         2    ###....
 Sticks to Snakes         Tmut           #.......     95%         2    ###....
 Sublimation of Blood     Necr           #.........   95%         2    ###....
 Swiftness                Chrm/Air       #.......     95%         2    ###....
 Throw Frost              Conj/Ice       #.....       95%         2    ###....
 Call Canine Familiar     Summ           #.......     99%         3    ####...
 Confuse                  Hex            #.......     99%         3    ####...
 Conjure Flame            Conj/Fire      #.......     99%         3    ####...
 Dazzling Spray           Conj/Hex       #.....       99%         3    ####...
 Gell's Gravitas          Tloc           #.........   99%         3    ####...
 Ignite Poison            Fire/Tmut/Pois #.......     99%         3    ####...
 Lesser Beckoning         Tloc           #.........   99%         3    ####...
 Mephitic Cloud           Conj/Pois/Air  #.......     99%         3    ####...
 Ozocubu's Armour         Chrm/Ice       #.......     99%         3    ####...
 Regeneration             Chrm/Necr      #.........   99%         3    ####...
 Spider Form              Tmut/Pois      #.........   99%         3    ####...
 Static Discharge         Conj/Air       #.......     99%         3    ####...
 Stone Arrow              Conj/Erth      #.....       99%         3    ####...
 Teleport Other           Tloc           #.......     99%         3    ####...
 Tukima's Dance           Hex            #.......     99%         3    ####...
 Vampiric Draining        Necr           #.........   99%         3    ####...
 Airstrike                Air            #.........   100%        4    #####..
 Animate Dead             Necr           N/A          100%        4    #####..
 Force Lance              Conj/Tloc      #.......     100%        4    #####..
 Fulminant Prism          Conj/Hex       #.........   100%        4    #####..
 Ice Form                 Ice/Tmut       #.......     100%        4    #####..
 Iskenderun's Mystic Bla  Conj           #.......     100%        4    #####..
 Leda's Liquefaction      Hex/Erth       #.........   100%        4    #####..
 Petrify                  Tmut/Erth      #.......     100%        4    #####..
 Summon Ice Beast         Ice/Summ       #.......     100%        4    #####..
 Throw Icicle             Conj/Ice       #.......     100%        4    #####..
 Alistair's Intoxication  Tmut/Pois      #.......     100%        5    ######.
 Blade Hands              Tmut           #.........   100%        5    ######.
 Bolt of Magma            Conj/Fire/Erth #.........   100%        5    ######.
 Excruciating Wounds      Chrm/Necr      #.........   100%        5    ######.
 Fireball                 Conj/Fire      #.........   100%        5    ######.
 Iskenderun's Battlesphe  Conj/Chrm      #.......     100%        5    ######.
 Lee's Rapid Deconstruct  Erth           #.........   100%        5    ######.
 Lightning Bolt           Conj/Air       #.........   100%        5    ######.
 Metabolic Englaciation   Hex/Ice        #.........   100%        5    ######.
 Summon Forest            Summ/Tloc      #.........   100%        5    ######.
 Summon Mana Viper        Hex/Summ       #.......     100%        5    ######.
 Venom Bolt               Conj/Pois      #.........   100%        5    ######.
 Bolt of Cold             Conj/Ice       #.........   100%        6    #######
 Bolt of Fire             Conj/Fire      #.........   100%        6    #######
 Deflect Missiles         Chrm/Air       #.........   100%        6    #######
 Freezing Cloud           Conj/Ice/Air   #.........   100%        6    #######
 Hydra Form               Tmut           #.........   100%        6    #######
 Invisibility             Hex            #.......     100%        6    #######
 Iron Shot                Conj/Erth      #.........   100%        6    #######
 Ozocubu's Refrigeration  Ice            #.........   100%        6    #######
 Poison Arrow             Conj/Pois      #.........   100%        6    #######
 Simulacrum               Ice/Necr       #.........   100%        6    #######
 Orb of Destruction       Conj           #.........   100%        7    #######
 Ring of Flames           Chrm/Fire      #.........   100%        7    #######
 Spellforged Servitor     Conj/Summ      #.........   100%        7    #######
 Summon Hydra             Summ           #.........   100%        7    #######
 Chain Lightning          Conj/Air       #.........   100%        8    #######
 Ignition                 Fire           #.........   100%        8    #######
 Lehudib's Crystal Spear  Conj/Erth      #.........   100%        8    #######
 Fire Storm               Conj/Fire      #.........   100%        9    #######
 Glaciate                 Conj/Ice       #.........   100%        9    #######
 Passage of Golubria      Tloc           Unusable     N/A         4    N/A

Dungeon Overview and Level Annotations

Branches:
Dungeon (15/15)            Temple (0/1) D:7            Lair (6/6) D:11
 Shoals (4/4) Lair:3        Snake (4/4) Lair:3        Slime (0/5) Lair:5
    Orc (2/2) D:10            Elf (0/3) Orc:2        Vaults (5/5) D:13
  Crypt (0/3) Vaults:3     Depths (5/5) D:15            Zot (5/5) Depths:5

Altars:
Ashenzari
Cheibriados
Dithmenos
Fedhas
Kikubaaqudgha
Nemelex Xobeh
Okawaru
Ru
Sif Muna
Trog
Vehumet
Yredelemnul
The Shining One
Beogh

Shops:
Orc:2 [([=   Shoals:3 =   Snake:1 %   Snake:3 }==   Snake:4 **!=   Vaults:2 !
Vaults:3 }   Vaults:4 ?   Depths:1 :

Portals:
Hell: Depths:1 Depths:2 Depths:3 Depths:4 Depths:5
Abyss: Depths:1 Depths:2 Depths:4
Pandemonium: Depths:3
Ziggurat: Depths:3

Annotations:
D:8 exclusion: door
Snake:4 exclusion: Roxanne, Roxanne
Depths:1 1 runed translucent door, 2 transporters, exclusion: orange crystal statue


Innate Abilities, Weirdness & Mutations

You reflexively headbutt those who attack you in melee.
You have a pair of horns on your head.
You have sharp fingernails.
You are very agile. (Dex +4)
You occasionally shout uncontrollably at your foes.
You do not regenerate when monsters are visible.


Message History

(D) Dungeon (T) Temple (L) Lair (A) Shoals (P) Snake Pit (M) Slime Pits (O) Orcish Mines (E) Elven Halls (V) Vaults (C) Crypt (U) Depths (H) Hell (Z) Zot
Where to? (Enter - D:1 @ (x,y), ? - help)
There is a stone staircase leading up here.
You climb upwards.
There is a stone staircase leading down here.
There is a stone staircase leading up here.
You climb upwards.
There is a stone staircase leading down here.
There is a stone staircase leading up here.
You climb upwards.
There is a stone staircase leading down here.
There is a stone staircase leading up here.
You climb upwards.
There is a stone staircase leading down here.
There is an open door here.
There is a staircase leading out of the dungeon here.
You have escaped!

###############
##...#.....#...##
#..#...##....@..#
#
#..###..###.....#
####.##
#######...##
..#.## ###.#####
#..## ###...##
.#.# #...#..###
.### ###..####..#
..## #...#####..#
...##
#..#.##...##


There were no monsters in sight!

Vanquished Creatures
  4 ancient liches
  11 orbs of fire
  The ghost of bmj180 the Executioner, a legendary MiFi of Uskayaw (Zot:5)
  Boris (thrice) (Vaults:3 Vaults:4 Depths:1)
  6 Killer Klowns
  Frederick (Vaults:3)
  Xtahua (Vaults:3)
  Saint Roka (Vaults:4)
  2 curse toes
  A caustic shrike (Depths:3)
  3 bone dragons
  9 golden dragons
  Jory (Depths:2)
  3 electric golems
  3 liches
  12 tentacled monstrosities
  22 Orb Guardians (Zot:5)
  4 titans
  2 quicksilver dragons (Zot:5)
  Frances (Shoals:2)
  7 death cobs
  6 sphinxes
  A kraken (Shoals:3)
  16 storm dragons
  Polyphemus (Shoals:2)
  17 shadow dragons
  7 tengu reavers
  10 draconian monks
  11 nagarajas
  Ilsuiw (Shoals:4)
  16 vault wardens
  A revenant (Vaults:3)
  An iron dragon (Depths:5)
  7 draconian knights
  Aizul (Snake:3)
  10 draconian scorchers
  7 fire giants
  A cacodemon (Depths:3)
  7 frost giants
  4 deep elf sorcerers
  The ghost of Hylith the Severer, a journeyman MiBe of Trog (Shoals:1)
  2 ghost moths
  3 draconian stormcallers
  13 ironheart preservers
  10 draconian shifters
  A war gargoyle (Vaults:5)
  A reaper (Depths:3)
  3 spriggan defenders
  3 entropy weavers
  21 very ugly things
  7 draconian annihilators
  9 green draconians
  15 stone giants
  5 vampire knights
  13 black draconians
  2 deep elf annihilators
  2 deep elf demonologists
  6 spark wasps
  14 purple draconians
  11 red draconians
  11 yellow draconians
  A minotaur (shapeshifter) (Vaults:5)
  A dire elephant (Lair:6)
  11 white draconians
  12 ettins
  2 merfolk javelineers
  2 deep elf death magi (Vaults:5)
  2 crystal guardians (Vaults:4)
  8 merfolk impalers
  7 fire dragons
  4 deep elf high priests (Vaults:5)
  9 great orbs of eyes
  7 jiangshi
  12 ogre magi
  19 naga warriors
  17 yaktaur captains
  11 ice dragons
  The ghost of Paps the Covert, a journeyman DsFi of Dithmenos (Lair:2)
  Erolcha (D:11)
  A spriggan air mage (Depths:4)
  28 vault guards
  4 rakshasas
  6 hydras
  4 catoblepae
  10 centaur warriors
  10 anacondas
  2 death knights (Vaults:1)
  9 death yaks
  5 merfolk avatars
  An alligator snapping turtle (Shoals:4)
  5 vampire magi
  42 two-headed ogres
  A satyr (Shoals:3)
  6 deep troll shamans
  A queen ant (shapeshifter) (Vaults:2)
  3 spriggan berserkers
  A tengu warrior (Depths:1)
  12 deep troll earth magi
  A titan zombie (Depths:3)
  Urug (Lair:1)
  6 deep elf knights
  10 naga sharpshooters
  2 sun demons (Depths:3)
  10 shock serpents
  6 salamander mystics
  6 skeletal warriors
  7 hell knights
  15 sea snakes
  33 deep trolls
  4 iron trolls
  Pikel (D:5)
  A spriggan druid (Depths:4)
  2 glowing orange brains
  7 naga ritualists
  6 unseen horrors
  10 phantasmal warriors
  A swamp dragon (shapeshifter) (Depths:5)
  3 wizards
  An orange crystal statue (Vaults:4)
  A deep elf archer (Vaults:5)
  An obsidian statue (Zot:5)
  7 flayed ghosts
  10 ironbrand convokers
  11 orc knights
  A tengu skeleton (Depths:3)
  A harpy (shapeshifter) (Depths:4)
  A lindwurm (Lair:3)
  19 harpies
  4 fire giant zombies (Depths:2)
  3 frost giant zombies
  16 fauns
  7 deep elf magi
  10 mana vipers
  9 cyclopes
  4 necromancers
  5 orc sorcerers
  3 wolf spiders
  13 manticores
  A mana viper (shapeshifter) (D:9)
  A stone giant zombie (Vaults:4)
  16 moths of wrath
  19 salamanders
  28 ugly things
  17 merfolk sirens
  Maurice (D:13)
  26 black mambas
  An elephant (shapeshifter) (Vaults:4)
  A toenail golem (Lair:2)
  6 elephants (Lair:6)
  A smoke demon (Depths:1)
  6 water nymphs
  3 gargoyles
  6 guardian serpents
  An ice statue (IceCv)
  A torpor snail (shapeshifter) (Depths:5)
  15 vault sentinels
  5 spiny frogs
  16 naga magi
  A komodo dragon (shapeshifter) (Vaults:4)
  A redback zombie (D:15)
  2 demonic crawlers
  61 yaktaurs
  5 freezing wraiths
  3 komodo dragons
  14 polar bears
  3 hellwings (Depths:3)
  A merfolk (shapeshifter) (Vaults:5)
  28 merfolk
  2 tengu conjurers
  16 trolls
  A queen bee (D:10)
  A meliai (shapeshifter) (Vaults:1)
  A queen bee (shapeshifter) (Vaults:1)
  A polar bear (shapeshifter) (Vaults:2)
  3 wind drakes
  13 hornets
  9 hippogriffs
  A dream sheep (shapeshifter) (Vaults:1)
  24 slime creatures
  8 snapping turtles
  A dream sheep (Lair:4)
  A centaur simulacrum (D:15)
  3 shadows
  26 spriggans (Depths:4)
  A tarantella (Vaults:2)
  18 flying skulls (Depths:2)
  A vampire (D:11)
  13 water elementals
  4 wyverns
  A spriggan skeleton (Depths:3)
  7 wraiths
  4 redbacks
  A basilisk (shapeshifter) (Vaults:2)
  3 fire bats (Lair:2)
  38 yaks
  An elf zombie (Depths:3)
  2 hogs (shapeshifter)
  A golden eye (shapeshifter) (Depths:2)
  2 hungry ghosts
  2 human simulacra
  A steam dragon (D:12)
  2 basilisks
  3 vampire mosquitoes (D:15)
  74 nagas
  3 wargs
  A soldier ant (shapeshifter) (Vaults:2)
  2 soldier ants
  3 acid dragons
  Duvessa (D:5)
  3 porcupines
  A floating eye (Depths:2)
  12 water moccasins
  2 ice beasts
  2 hornet zombies (D:15)
  4 phantoms
  An ettin simulacrum (Vaults:1)
  4 sky beasts
  2 black bears
  A human zombie (Vaults:4)
  39 orc warriors
  3 slaves
  51 ogres
  25 centaurs
  3 boggarts (Depths:3)
  32 wolves
  An elf skeleton (Vaults:4)
  11 crocodiles
  2 big kobolds
  19 bullfrogs
  3 gnoll sergeants (D:9)
  2 wyvern zombies
  Dowan (D:5)
  2 wyvern skeletons
  3 scorpions
  21 killer bees
  4 electric eels
  14 wights
  17 crimson imps
  A bullfrog zombie (D:11)
  2 quasits (D:10)
  8 centaur zombies
  13 hounds
  2 iron imps (Depths:3)
  2 jellies
  3 centaur skeletons
  13 orc priests
  Crazy Yiuf (D:2)
  3 gnoll shamans
  3 bullfrog skeletons
  30 orc wizards
  3 iguanas
  9 worker ants
  A worker ant zombie (D:9)
  23 gnolls
  17 adders
  6 shadow imps
  3 white imps
  An ufetubus (Depths:3)
  An adder zombie (D:6)
  An ooze (D:1)
  2 adder skeletons
  6 worms
  2 dart slugs (D:2)
  6 leopard geckos
  An orc (shapeshifter) (Vaults:5)
  87 orcs
  2 ball pythons
  6 bats
  8 giant cockroaches
  10 goblins
  8 hobgoblins
  12 jackals
  7 kobolds
  3 quokkas
  8 frilled lizards
  2 quokka skeletons
  9 rats
  3 fungi
  10 plants
  3 tentacles (Shoals:3)
2129 creatures vanquished.

Vanquished Creatures (collateral kills)
  An Orb Guardian (Zot:5)
1 creature vanquished.

Vanquished Creatures (others)
  2 Orb Guardians (Zot:5)
  2 draconian knights
  3 stone giants
  A merfolk javelineer (Shoals:4)
  An ogre mage (Depths:4)
  3 yaktaur captains
  4 satyrs (Shoals:4)
  2 centaur warriors
  2 naga sharpshooters (Snake:4)
  2 deep elf archers (Vaults:4)
  A deep elf mage (Vaults:5)
  A frost giant zombie (Depths:2)
  5 cyclopes
  4 fauns
  7 yaktaurs
  4 centaurs
  An orc wizard (D:14)
  2 fungi (Lair:6)
  34 plants
  3 tentacles (Shoals:3)
84 creatures vanquished.

Grand Total: 2214 creatures vanquished

Notes
Turn   | Place    | Note
-------+----------+-------------------------------------------
     0 | D:1      | NormalPerson7T the Minotaur Fighter began the quest for the
                  | Orb.
     0 | D:1      | Reached XP level 1. HP: 19/19 MP: 0/0
   435 | D:1      | Reached XP level 2. HP: 27/27 MP: 1/1
   773 | D:1      | Reached skill level 4 in Fighting
   830 | D:1      | Reached XP level 3. HP: 33/33 MP: 2/2
  1463 | D:2      | Found a basalt altar of Yredelemnul.
  1597 | D:2      | Reached XP level 4. HP: 40/40 MP: 3/3
  1687 | D:2      | Found a snail-covered altar of Cheibriados.
  1688 | D:2      | Found an ancient bone altar of Kikubaaqudgha.
  1688 | D:2      | Found a radiant altar of Vehumet.
  1689 | D:2      | Found a shadowy altar of Dithmenos.
  1753 | D:2      | Found a runed translucent door.
  1754 | D:2      | Noticed Crazy Yiuf
  1984 | D:3      | Found a blossoming altar of Fedhas.
  2068 | D:3      | Found a faded altar of an unknown god.
  2108 | D:3      | Reached XP level 5. HP: 47/47 MP: 4/4
  2354 | D:3      | Found an iron altar of Okawaru.
  2354 | D:3      | Found a sacrificial altar of Ru.
  2374 | D:3      | Became a worshipper of Warmaster Okawaru
  2519 | D:4      | Noticed an ogre
  2773 | D:4      | Got a crude chain mail
  2802 | D:4      | Identified the +4 chain mail of Xaam {rElec rC+++ rN+
                  | Str-5} (You found it on level 4 of the Dungeon)
  2984 | D:5      | Entered Level 5 of the Dungeon
  3002 | D:5      | Noticed a slave
  3003 | D:5      | Noticed Pikel
  3003 | D:5      | Noticed a slave
  3003 | D:5      | Noticed a slave
  3003 | D:5      | Noticed a slave
  3023 | D:4      | Killed a slave
  3209 | D:5      | Killed a slave
  3248 | D:5      | Killed a slave
  3468 | D:5      | Noticed Duvessa
  3468 | D:5      | Noticed Dowan
  3500 | D:5      | Killed Duvessa
  3500 | D:5      | Reached skill level 5 in Axes
  3500 | D:5      | Reached skill level 1 in Invocations
  3500 | D:5      | Reached XP level 6. HP: 45/55 MP: 5/5
  3501 | D:5      | Killed Dowan
  3501 | D:5      | Reached skill level 5 in Armour
  3501 | D:5      | Reached skill level 5 in Shields
  3817 | D:5      | Reached skill level 5 in Fighting
  3884 | D:5      | Killed Pikel
  3884 | D:5      | Reached * piety under Okawaru
  3884 | D:5      | Reached ** piety under Okawaru
  3884 | D:5      | Reached XP level 7. HP: 53/62 MP: 6/8
  4199 | D:6      | Reached XP level 8. HP: 61/70 MP: 6/9
  4201 | D:6      | Reached skill level 6 in Fighting
  4210 | D:6      | Reached *** piety under Okawaru
  4724 | D:2      | Killed Crazy Yiuf
  5261 | D:6      | Found a bloodstained altar of Trog.
  5516 | D:7      | Reached XP level 9. HP: 45/78 MP: 8/11
  5727 | D:7      | Reached **** piety under Okawaru
  5727 | D:7      | Reached skill level 7 in Fighting
  6048 | D:7      | Identified Cuthup's Papyrus of Assistive Evil
  6291 | D:7      | Found a staircase to the Ecumenical Temple.
  6392 | D:7      | Found a glowing golden altar of the Shining One.
  6651 | D:8      | Reached skill level 10 in Axes
  6943 | D:8      | Reached skill level 5 in Invocations
  7133 | D:8      | Reached ***** piety under Okawaru
  7168 | D:8      | Reached skill level 8 in Fighting
  7168 | D:8      | Reached XP level 10. HP: 60/88 MP: 12/12
  7257 | D:8      | Found a flagged portal.
  7288 | Bailey   | Entered a bailey
  7488 | Bailey   | Noticed an orc knight
  7488 | Bailey   | Noticed an orc knight
  8141 | D:8      | Found a deep blue altar of Sif Muna.
  8497 | D:9      | Noticed a deep elf mage
  8498 | D:9      | Noticed a catoblepas
  8501 | D:9      | Noticed a mana viper
  8501 | D:9      | a tarantella changed into a mana viper
  8507 | D:9      | Killed a mana viper
  8530 | D:9      | Killed a deep elf mage
  8530 | D:9      | Received a gift from Okawaru
  8547 | D:9      | Killed a catoblepas
  8567 | D:9      | Killed an unseen horror
  8567 | D:9      | Reached skill level 9 in Fighting
  8606 | D:9      | Noticed a gargoyle
  8621 | D:9      | Killed a gargoyle
  9086 | D:9      | Noticed a centaur warrior
  9089 | D:9      | Reached XP level 11. HP: 97/97 MP: 13/13
  9090 | D:9      | Killed a centaur warrior
  9190 | D:9      | Noticed an orc knight
  9205 | D:9      | Killed an orc knight
  9653 | D:10     | Entered Level 10 of the Dungeon
  9715 | D:10     | Reached skill level 10 in Shields
 10082 | D:10     | Reached skill level 10 in Fighting
 10122 | D:10     | Found a staircase to the Orcish Mines.
 10136 | D:10     | Reached skill level 10 in Armour
 10671 | D:11     | Noticed Erolcha
 10681 | D:11     | Killed Erolcha
 10681 | D:11     | Reached ****** piety under Okawaru
 10681 | D:11     | Received a gift from Okawaru
 10779 | D:11     | Noticed a seven-headed hydra
 11101 | D:11     | Found a staircase to the Lair.
 11200 | Lair:1   | Entered Level 1 of the Lair of Beasts
 11243 | Lair:1   | Noticed Urug
 11283 | Lair:1   | Killed Urug
 11283 | Lair:1   | Reached XP level 12. HP: 103/107 MP: 13/15
 11335 | Lair:1   | Reached skill level 1 in Evocations
 12038 | Lair:1   | Noticed an eight-headed hydra
 12051 | Lair:1   | Killed a 12-headed hydra
 12315 | Lair:1   | Received a gift from Okawaru
 12329 | Lair:1   | Identified a +1 pair of boots of running (Okawaru gifted it
                  | to you on level 1 of the Lair of Beasts)
 12400 | Lair:2   | Noticed a five-headed hydra
 12413 | Lair:2   | Killed a ten-headed hydra
 12514 | Lair:2   | Found a dark tunnel.
 12525 | Volcano  | Entered a volcano
 12546 | Lair:2   | Reached skill level 11 in Fighting
 12616 | Lair:2   | Found a runed translucent door.
 12616 | Lair:2   | Noticed Paps's ghost (journeyman DsFi)
 12664 | Lair:2   | Killed Paps's ghost
 13075 | Lair:3   | Found a staircase to the Shoals.
 13305 | Lair:3   | Found a staircase to the Snake Pit.
 13996 | Lair:4   | Noticed a death yak
 13996 | Lair:4   | Noticed a death yak
 13999 | Lair:4   | Noticed a death yak
 14006 | Lair:4   | Killed a death yak
 14006 | Lair:4   | Reached XP level 13. HP: 104/116 MP: 14/17
 14018 | Lair:4   | Received a gift from Okawaru
 14018 | Lair:4   | Reached skill level 15 in Axes
 15276 | Lair:5   | Found a staircase to the Slime Pits.
 15536 | Lair:6   | Entered Level 6 of the Lair of Beasts
 16000 | Lair:6   | Found a frozen archway.
 16013 | IceCv    | Entered an ice cave
 16049 | IceCv    | Received a gift from Okawaru
 16383 | IceCv    | Reached skill level 12 in Fighting
 16422 | IceCv    | Noticed a frost giant
 16432 | IceCv    | Killed a frost giant
 16436 | IceCv    | Reached skill level 5 in Evocations
 17588 | Lair:6   | Reached XP level 14. HP: 124/126 MP: 19/19
 18237 | D:12     | Received a gift from Okawaru
 18240 | D:12     | Got a bloodstained executioner's axe {god gift}
 18265 | D:12     | Reached skill level 1 in Dodging
 18755 | D:13     | Noticed an ironheart preserver
 18756 | D:13     | Found a gate to the Vaults.
 18775 | D:13     | Killed an ironheart preserver
 19007 | D:13     | Received a gift from Okawaru
 19174 | D:13     | Noticed Maurice
 19213 | D:13     | Killed Maurice
 19392 | D:14     | Reached skill level 13 in Fighting
 19678 | D:14     | Identified the +8 executioner's axe of a bazaar {chop,
                  | *Contam rPois Dex+5} (Okawaru gifted it to you on level 12
                  | of the Dungeon)
 19909 | D:15     | Entered Level 15 of the Dungeon
 20040 | D:15     | Reached XP level 15. HP: 116/135 MP: 21/21
 20041 | D:15     | Reached XP level 16. HP: 123/143 MP: 22/22
 20405 | D:15     | Reached skill level 10 in Invocations
 20915 | D:15     | Found a staircase to the Depths.
 21312 | Orc:1    | Entered Level 1 of the Orcish Mines
 21364 | Orc:1    | Found a roughly hewn altar of Beogh.
 21482 | Orc:1    | You fall through a shaft!
 21482 | Orc:2    | Entered Level 2 of the Orcish Mines
 21483 | Orc:2    | Found a staircase to the Elven Halls.
 21916 | Orc:2    | Received a gift from Okawaru
 22028 | Orc:2    | Found Quughid's Antique Weapon Emporium.
 22028 | Orc:2    | Found Kisyar's Jewellery Shoppe.
 22248 | Orc:2    | Found Lacvoa Hely's Armour Shop.
 22257 | Orc:2    | Found Puimaten's Armour Emporium.
 22266 | Orc:2    | Bought a +2 cloak of magic resistance for 344 gold pieces
 22570 | Snake:1  | Entered Level 1 of the Snake Pit
 22580 | Snake:1  | Reached skill level 14 in Fighting
 23502 | Snake:1  | Found Lageuzat's Food Boutique.
 23809 | Snake:2  | Received a gift from Okawaru
 23962 | Snake:2  | Reached XP level 17. HP: 81/154 MP: 23/23
 24183 | Snake:2  | Found a shadowy altar of Dithmenos.
 24472 | Snake:2  | Reached skill level 15 in Shields
 24493 | Snake:2  | Reached skill level 15 in Fighting
 25532 | Snake:3  | Reached skill level 10 in Dodging
 25583 | Snake:3  | Noticed Aizul
 25602 | Snake:3  | Killed Aizul
 26039 | Snake:3  | Received a gift from Okawaru
 26180 | Snake:3  | Found Niuleism's Jewellery Emporium.
 26182 | Snake:3  | Found Laep Ena's Gadget Shop.
 26183 | Snake:3  | Found Tachudep's Jewellery Emporium.
 26192 | Snake:3  | Bought the ring "Qiyfapra" {+Inv rElec MR+ MP+9 Int+4} for
                  | 1100 gold pieces
 26192 | Snake:3  | Identified a scroll of acquirement
 26360 | Snake:3  | Reached skill level 15 in Armour
 26403 | Snake:4  | Entered Level 4 of the Snake Pit
 26425 | Snake:4  | Reached skill level 16 in Fighting
 26501 | Snake:4  | Found Puemike's Distillery.
 26504 | Snake:4  | Found Qyentis's Jewellery Shoppe.
 26504 | Snake:4  | Found Beletokki's General Store.
 26518 | Snake:4  | Found Vugaesuq's Assorted Antiques.
 26545 | Snake:4  | Bought a potion of berserk rage for 80 gold pieces
 26562 | Snake:4  | Bought a scroll labeled WIOPAXT WAWE for 26 gold pieces
 26925 | Snake:4  | Received a gift from Okawaru
 27486 | Snake:4  | Identified Roxanne's Grimoire of the Mountains
 27486 | Snake:4  | Noticed Roxanne
 27522 | Snake:4  | Reached XP level 18. HP: 159/168 MP: 24/24
 27866 | Snake:4  | Reached skill level 17 in Fighting
 28144 | Snake:4  | Got a serpentine rune of Zot
 28428 | Shoals:1 | Entered Level 1 of the Shoals
 28627 | Shoals:1 | Received a gift from Okawaru
 28788 | Shoals:1 | Found a runed translucent gate.
 28788 | Shoals:1 | Found a runed translucent gate.
 28790 | Shoals:1 | Found a runed translucent gate.
 28792 | Shoals:1 | Noticed Hylith's ghost (journeyman MiBe)
 28811 | Shoals:1 | Killed Hylith's ghost
 29370 | Shoals:2 | Noticed Polyphemus
 29423 | Shoals:2 | Killed Polyphemus
 29566 | Shoals:2 | Noticed Frances
 29598 | Shoals:2 | Killed Frances
 29970 | Shoals:4 | Entered Level 4 of the Shoals
 30333 | Shoals:3 | Found Panenn's Jewellery Emporium.
 30380 | Shoals:3 | Reached skill level 18 in Fighting
 30406 | Shoals:3 | Bought a +6 amulet of reflection for 1111 gold pieces
 30662 | Shoals:4 | Noticed Ilsuiw
 30683 | Shoals:3 | Received a gift from Okawaru
 30851 | Shoals:4 | Killed Ilsuiw
 30920 | Shoals:4 | Reached XP level 19. HP: 178/179 MP: 25/25
 31068 | Shoals:4 | Got a barnacled rune of Zot
 31465 | Shoals:4 | Found the +3 crown of Dyrovepreva {rElec Int+2 SInv}
 31537 | Shoals:4 | Identified the +3 leather armour of the Snake Pit {rElec}
 32196 | Vaults:1 | Entered Level 1 of the Vaults
 32256 | Vaults:1 | Received a gift from Okawaru
 32696 | Vaults:1 | Reached skill level 19 in Fighting
 33001 | Vaults:1 | Received a gift from Okawaru
 33015 | Vaults:1 | You fall through a shaft!
 33793 | Vaults:2 | Received a gift from Okawaru
 33829 | Vaults:2 | Found Qotrak's Distillery.
 33837 | Vaults:2 | Bought a potion of might for 52 gold pieces
 34222 | Vaults:2 | Received a gift from Okawaru
 34433 | Vaults:2 | Reached XP level 20. HP: 193/193 MP: 26/26
 34474 | Vaults:2 | Identified the cursed +1 plate armour of Shielding {Str+3
                  | Dex+2} (You found it on level 2 of the Vaults)
 34639 | Vaults:3 | Noticed Frederick
 34645 | Vaults:3 | Killed Frederick
 34645 | Vaults:3 | Received a gift from Okawaru
 34782 | Vaults:3 | Reached skill level 20 in Fighting
 34887 | Vaults:3 | Noticed Xtahua
 34899 | Vaults:3 | Killed Xtahua
 35186 | Vaults:3 | Noticed Boris
 35203 | Vaults:3 | Killed Boris
 35358 | Vaults:3 | Received a gift from Okawaru
 35588 | Vaults:3 | Identified the +7 large shield "Wilewa" {MR++ Str+4 Int-5
                  | Dex+3} (You found it on level 3 of the Vaults)
 35654 | Vaults:3 | Found a staircase to the Crypt.
 35710 | Vaults:3 | Found Iwoepy Tooj's Gadget Emporium.
 36157 | Vaults:4 | Reached skill level 21 in Fighting
 36157 | Vaults:4 | Reached XP level 21. HP: 204/204 MP: 27/27
 36311 | Vaults:4 | Found Ujeto's Magic Scroll Boutique.
 36319 | Vaults:4 | Bought a scroll of enchant armour for 142 gold pieces
 36319 | Vaults:4 | Bought a scroll of enchant armour for 142 gold pieces
 36372 | Vaults:4 | Received a gift from Okawaru
 37172 | Vaults:5 | Entered Level 5 of the Vaults
 37172 | Vaults:5 | Noticed Saint Roka
 37209 | Vaults:4 | Killed Saint Roka
 37390 | Vaults:5 | Received a gift from Okawaru
 37441 | Vaults:5 | Noticed Boris
 37464 | Vaults:5 | Reached skill level 15 in Dodging
 37469 | Vaults:4 | Killed Boris
 37469 | Vaults:4 | Reached skill level 22 in Fighting
 37609 | Vaults:5 | Reached XP level 22. HP: 167/215 MP: 28/28
 37659 | Vaults:5 | Identified the cursed +1 chain mail of Minor Irritation
                  | {Str+2 Int+4}
 37698 | Vaults:5 | Received a gift from Okawaru
 38111 | Vaults:5 | Noticed an ancient lich
 38130 | Vaults:5 | Killed an ancient lich
 38139 | Vaults:5 | Received a gift from Okawaru
 38167 | Vaults:5 | Identified the ring "Uhileinn" {Int-3 Slay+2 SInv Stlth+}
 38176 | Vaults:5 | Identified the ring of Temperance {rF- rC++ MR++ SInv}
 38382 | Vaults:5 | Noticed an ancient lich
 38394 | Vaults:5 | Killed an ancient lich
 38525 | Vaults:5 | Identified the +3 mace of Satyriasis {elec, *Slow Str+5
                  | Dex+4}
 38669 | Vaults:5 | Got a silver rune of Zot
 38680 | Vaults:5 | Reached skill level 23 in Fighting
 39407 | Depths:1 | Entered Level 1 of the Depths
 39530 | Depths:1 | Found a runed translucent door.
 39541 | Depths:1 | Found a transporter.
 39586 | Depths:1 | Found Soshois's One-of-a-Kind Books.
 39779 | Depths:1 | Found a gateway to Hell.
 39863 | Depths:1 | Found a transporter.
 39941 | Depths:1 | Found a shattered altar of Ashenzari.
 40041 | Depths:1 | Noticed Boris
 40050 | Depths:1 | Killed Boris
 40050 | Depths:1 | Received a gift from Okawaru
 40059 | Depths:1 | Reached XP level 23. HP: 227/227 MP: 29/29
 40060 | Depths:1 | Found a one-way gate to the infinite horrors of the Abyss.
 40485 | Depths:2 | Received a gift from Okawaru
 40527 | Depths:2 | Received a gift from Okawaru
 40636 | Depths:2 | Noticed Jory
 40660 | Depths:2 | Killed Jory
 40677 | Depths:2 | Paralysed by a floating eye for 4 turns
 40993 | Depths:2 | Found a basalt altar of Yredelemnul.
 41039 | Depths:2 | You fall through a shaft for 2 floors!
 41105 | Depths:3 | Reached skill level 24 in Fighting
 41157 | Depths:3 | Found a gateway to a ziggurat.
 41265 | Depths:3 | Found a one-way gate leading to the halls of Pandemonium.
 41269 | Depths:3 | Gained mutation: You are clumsy. (Dex -2) [a cacodemon]
 41489 | Depths:3 | Noticed a caustic shrike
 41497 | Depths:3 | Killed a caustic shrike
 41497 | Depths:3 | Received a gift from Okawaru
 41978 | Depths:2 | Found a sparkling altar of Nemelex Xobeh.
 42537 | Depths:4 | Reached XP level 24. HP: 239/239 MP: 29/29
 43035 | Depths:4 | Received a gift from Okawaru
 43378 | Depths:5 | Entered Level 5 of the Depths
 43890 | Depths:5 | Found a gate to the Realm of Zot.
 43948 | Depths:5 | Reached skill level 25 in Fighting
 44119 | Depths:5 | Found the +8 autumn katana {slice, Clar}
 44336 | Zot:1    | Entered Level 1 of the Realm of Zot
 44760 | Zot:2    | Noticed an orb of fire
 44764 | Zot:2    | Gained mutation: You are very clumsy. (Dex -4) [an orb of
                  | fire]
 44792 | Zot:2    | Killed an orb of fire
 44792 | Zot:2    | Received a gift from Okawaru
 44795 | Zot:2    | Identified the +7 broad axe of Crystal {freeze, -Tele rN+
                  | Str+5} (Okawaru gifted it to you on level 2 of the Realm of
                  | Zot)
 46198 | Zot:3    | Reached XP level 25. HP: 144/251 MP: 29/29
 46207 | Zot:3    | Received a gift from Okawaru
 46574 | Zot:3    | Received a gift from Okawaru
 46594 | Zot:3    | Reached skill level 26 in Fighting
 46640 | Zot:3    | Identified the +5 plate armour of the Shoals {Str+6 Int+4
                  | Slay-5} (Okawaru gifted it to you on level 3 of the Realm
                  | of Zot)
 46875 | Zot:3    | Noticed a Killer Klown
 46899 | Zot:3    | Noticed a Killer Klown
 46910 | Zot:2    | Killed a Killer Klown
 47112 | Zot:3    | a Killer Klown changed into a titan
 47147 | Zot:3    | Received a gift from Okawaru
 47164 | Zot:3    | Identified the +6 broad axe of Tortfeasance {freeze,
                  | *Contam rPois rN+ SInv} (Okawaru gifted it to you on level
                  | 3 of the Realm of Zot)
 47922 | Zot:4    | Noticed a Killer Klown
 47946 | Zot:4    | Killed a Killer Klown
 47948 | Zot:4    | Noticed a Killer Klown
 47969 | Zot:4    | Killed a Killer Klown
 47969 | Zot:4    | Received a gift from Okawaru
 48830 | Zot:4    | Noticed an orb of fire
 48846 | Zot:4    | Reached skill level 27 in Fighting
 48871 | Zot:4    | Killed an orb of fire
 48890 | Zot:4    | Reached XP level 26. HP: 187/266 MP: 2/29
 49473 | Zot:4    | Reached skill level 10 in Evocations
 49809 | Zot:5    | Entered Level 5 of the Realm of Zot
 49836 | Zot:5    | Found a runed translucent door.
 49838 | Zot:5    | Noticed bmj180's ghost (legendary MiFi)
 50022 | Zot:5    | Killed bmj180's ghost
 50546 | Zot:5    | Received a gift from Okawaru
 50550 | Zot:5    | Identified the +5 broad axe of Skirmishing {chop, rPois
                  | Int+4 Dex+3} (Okawaru gifted it to you on level 5 of the
                  | Realm of Zot)
 50582 | Zot:5    | Noticed an orb of fire
 50584 | Zot:5    | Noticed an ancient lich
 50598 | Zot:5    | Killed an ancient lich
 50600 | Zot:5    | Killed an orb of fire
 51132 | Zot:5    | Noticed an orb of fire
 51141 | Zot:5    | Gained mutation: Scrolls take you a little longer to read.
                  | [an orb of fire]
 51145 | Zot:5    | Gained mutation: You are dopey. (Int -2) [an orb of fire]
 51158 | Zot:5    | Killed an orb of fire
 51208 | Zot:5    | Lost mutation: You are dopey. (Int -2) [potion of mutation]
 51208 | Zot:5    | Lost mutation: Scrolls take you a little longer to read.
                  | [potion of mutation]
 51208 | Zot:5    | Lost mutation: You are very clumsy. (Dex -4) [potion of
                  | mutation]
 51208 | Zot:5    | Lost mutation: You are clumsy. (Dex -2) [potion of
                  | mutation]
 51208 | Zot:5    | Gained mutation: You possess an exceptional clarity of
                  | mind. [potion of mutation]
 51208 | Zot:5    | Gained mutation: Your mind is acute. (Int +2) [potion of
                  | mutation]
 51208 | Zot:5    | Gained mutation: Scrolls take you a little longer to read.
                  | [potion of mutation]
 51208 | Zot:5    | Gained mutation: You have sharp fingernails. [potion of
                  | mutation]
 51422 | Zot:5    | Noticed an orb of fire
 51446 | Zot:5    | Killed an orb of fire
 51446 | Zot:5    | Received a gift from Okawaru
 51458 | Zot:5    | Identified the +1 large shield of the Learner {+Fly Regen+
                  | Dex+5} (Okawaru gifted it to you on level 5 of the Realm of
                  | Zot)
 51990 | Zot:5    | Noticed an orb of fire
 51996 | Zot:5    | Reached XP level 27. HP: 267/273 MP: 29/29
 52010 | Zot:5    | Killed an orb of fire
 52011 | Zot:5    | Paralysed by the power of Zot for 4 turns
 52012 | Zot:5    | Noticed an orb of fire
 52015 | Zot:5    | Noticed an orb of fire
 52015 | Zot:5    | Noticed an orb of fire
 52021 | Zot:5    | Gained mutation: You are weak. (Str -2) [an orb of fire]
 52021 | Zot:5    | Noticed an orb of fire
 52021 | Zot:5    | Noticed an orb of fire
 52021 | Zot:5    | Gained mutation: You are frail. (-10% HP) [an orb of fire]
 52029 | Zot:5    | Gained mutation: Armour fits poorly on your strangely
                  | shaped body. [an orb of fire]
 52034 | Zot:5    | Gained mutation: You do not regenerate when monsters are
                  | visible. [an orb of fire]
 52036 | Zot:5    | Gained mutation: You are very weak. (Str -4) [an orb of
                  | fire]
 52043 | Zot:5    | Killed an orb of fire
 52197 | Zot:4    | Lost mutation: You possess an exceptional clarity of mind.
                  | [potion of mutation]
 52197 | Zot:4    | Lost mutation: Armour fits poorly on your strangely shaped
                  | body. [potion of mutation]
 52197 | Zot:4    | Lost mutation: Your mind is acute. (Int +2) [potion of
                  | mutation]
 52197 | Zot:4    | Lost mutation: You are frail. (-10% HP) [potion of
                  | mutation]
 52197 | Zot:4    | Gained mutation: You occasionally shout uncontrollably at
                  | your foes. [potion of mutation]
 52197 | Zot:4    | Gained mutation: You are agile. (Dex +2) [potion of
                  | mutation]
 52198 | Zot:4    | Lost mutation: You are very weak. (Str -4) [potion of
                  | mutation]
 52198 | Zot:4    | Lost mutation: You are weak. (Str -2) [potion of mutation]
 52198 | Zot:4    | Lost mutation: Scrolls take you a little longer to read.
                  | [potion of mutation]
 52198 | Zot:4    | Gained mutation: You have supernaturally acute eyesight.
                  | (SInv) [potion of mutation]
 52198 | Zot:4    | Gained mutation: You are very agile. (Dex +4) [potion of
                  | mutation]
 52250 | Zot:5    | Noticed an ancient lich
 52297 | Zot:5    | Killed an orb of fire
 52321 | Zot:5    | Killed an orb of fire
 52333 | Zot:5    | Killed an orb of fire
 52345 | Zot:5    | Killed an ancient lich
 52501 | Zot:4    | Received a gift from Okawaru
 52745 | Zot:5    | Lost mutation: You have supernaturally acute eyesight.
                  | (SInv) [an orb of fire]
 52756 | Zot:5    | Killed an orb of fire
 53101 | Zot:5    | Got the Orb of Zot
 53480 | D:15     | Noticed a seraph
 53500 | D:14     | Noticed a seraph
 53740 | D:$      | Escaped with the Orb!

Skill      XL: |  1  2  3  4  5  6  7  8  9 10 11 12 13 14 15 16 17 18 19 20 21 22 23 24 25 26 27 |
---------------+----------------------------------------------------------------------------------+-----
Axes           | 3 4 5 6 7 8 10 12 13 14 16 17 18 | 18.0
Fighting       | 4 5 6 8 9 10 11 12 13 14 16 18 19 21 22 23 24 25 27 | 27.0
Shields        | 4 5 6 7 8 9 10 11 12 13 14 16 18 19 21 22 23 24 25 | 25.0
Armour         | 4 5 6 8 9 10 11 12 13 14 15 16 17 18 19 20 21 22 24 25 | 25.4
Invocations    | 1 2 4 5 6 7 8 9 10 | 10.0
Evocations     | 3 5 6 9 10 | 10.0
Dodging        | 4 7 9 11 12 13 14 15 16 17 19 22 23 | 23.6

Action                   |  1- 3 |  4- 6 |  7- 9 | 10-12 | 13-15 | 16-18 | 19-21 | 22-24 | 25-27 || total
-------------------------+-------+-------+-------+-------+-------+-------+-------+-------+-------++-------
Melee: War axe           |    89 |   185 |   300 |   843 |    12 |       |       |       |       ||  1429
       Headbutt          |    10 |    29 |    51 |   195 |   176 |   341 |   334 |   458 |   316 ||  1910
       Broad axe         |       |       |       |       |   589 |  1401 |  1092 |  1336 |  1067 ||  5485
Throw: Throwing net      |       |       |       |       |       |       |       |       |     2 ||     2
Invok: Heroism           |       |       |     5 |    10 |     5 |    13 |     8 |     8 |    15 ||    64
       Finesse           |       |       |       |     3 |     2 |     4 |     4 |     5 |    13 ||    31
 Abil: Evoke Invisibilit |       |       |       |       |       |       |     1 |       |       ||     1
Evoke: Wand              |       |       |       |     7 |       |       |       |     4 |     2 ||    13
       Lamp of fire      |       |       |       |       |       |     1 |       |       |     1 ||     2
  Use: Scroll            |       |     2 |     4 |    14 |    16 |    15 |     6 |     6 |    12 ||    75
       Potion            |       |       |       |       |     1 |     1 |       |     1 |    14 ||    17
 Stab: Petrified         |       |       |       |     2 |    15 |     6 |       |       |       ||    23
       Distracted        |       |       |       |       |     1 |       |     1 |     1 |       ||     3
       Petrifying        |       |       |       |       |       |     2 |       |       |       ||     2
       Invisible         |       |       |       |       |       |       |     8 |       |     4 ||    12
  Eat: Chunk             |     2 |    15 |    13 |    19 |    15 |    20 |    22 |    16 |     7 ||   129
       Ration            |       |       |       |       |     1 |     4 |       |     4 |     5 ||    14
Armor: Scale mail        |    41 |    31 |       |       |       |       |       |       |       ||    72
       Chain mail        |       |    55 |   200 |    53 |       |       |       |       |       ||   308
       Gold dragon scale |       |       |       |   433 |   311 |   542 |   271 |   287 |   267 ||  2111
Dodge: Dodged            |    33 |    20 |    48 |   104 |    95 |   411 |   182 |   252 |   243 ||  1388
       Deflected         |       |       |       |       |     6 |     4 |       |       |       ||    10
Block: Shield            |    46 |    19 |       |       |       |       |       |       |       ||    65
       Large shield      |       |   122 |   312 |   834 |   569 |  1648 |  1401 |  1721 |  1007 ||  7614
       Reflection        |       |       |     4 |    40 |    27 |   111 |   178 |   111 |    17 ||   488
